 Dungeon Crawl Stone Soup version 0.31-a0-177-g4aa6249778 (webtiles) character file.

Game seed: 22846411394004002

29867 mdonais the Zephyrmancer (level 13, -13/86 HPs)
             Began as an Octopode Wanderer on June 19, 2023.
             Was a High Priest of Vehumet.
             Mangled by a komodo dragon (31 damage)
             ... on level 3 of the Lair of Beasts.
             The game lasted 01:14:55 (21204 turns).

mdonais the Zephyrmancer (Octopode Wanderer)       Turns: 21204, Time: 01:14:56

Health: -13/86     AC:  1    Str:  9    XL:     13   Next: 48%
Magic:  3/34       EV: 16    Int: 28    God:    Vehumet [*****.]
Gold:   781        SH:  6    Dex: 20    Spells: 7/28 levels left

rFire   + . .        a - +8 dagger (drain)
rCold   x . .        D - +0 buckler
rNeg    . . .        z - +0 mask of the Dragon {Will+ Slay+3 SInv}
rPois   .            x - amulet of the Lotus Blossom {Faith Fragile Int+2 Dex+4}
rElec   .            h - ring of magical power
rCorr   +            (no ring)
SInv    +            S - ring of flight
Will    +....        c - +6 ring of intelligence
Stlth   ++++         s - ring of fire
HPRegen 0.34/turn    Y - ring "Ytheejou" {rCorr Dex+3}
MPRegen 0.24/turn    (no ring)
                     (no ring)

%: faith
@: lethally poisoned (-13 -> -16), flying
A: almost no armour, amphibious, 8 rings, camouflage 1, gelatinous body 1,
(nimble swimmer 1), tentacles
a: Renounce Religion


You were on level 3 of the Lair of Beasts.
You worshipped Vehumet.
Vehumet was extremely pleased with you.
You visited 3 branches of the dungeon, and saw 15 of its levels.
You also visited: Bailey.

You collected 781 gold pieces.

Inventory:

Hand Weapons
 a - a +8 dagger of draining (weapon)
   (You took it off a centaur on level 5 of the Dungeon)
 X - the +10 morningstar "Eos" {elec, Halo rElec}
   (You found it on level 1 of the Lair of Beasts)

   Halo:      It grants its wielder a halo, revealing invisible creatures and
   increasing accuracy against all within it other than the wielder.
   rElec:     It insulates you from electricity.
Missiles
 p - 39 poisoned darts (quivered)
 v - 7 javelins
 F - 4 curare-tipped darts
 J - 4 atropa-tipped darts
 Z - 4 throwing nets {=!f}
Armour
 m - an orb of energy
   (You found it on level 2 of the Dungeon)
 z - the +0 mask of the Dragon (worn) {Will+ Slay+3 SInv}
   (You found it on level 7 of the Dungeon)

   Slay:      It affects your accuracy & damage with ranged weapons and melee
   (+3).
   SInv:      It lets you see invisible.
   Will:      It increases your willpower.
 D - a +0 buckler (worn)
   (You found it on level 10 of the Dungeon)
Magical Staves
 b - the staff of Ascent {Fly rElec Dex-3 Conj}
   (You acquired it in a bailey)

   [staff of conjuration]

   Base accuracy: +5 Base damage: 5 Base attack delay: 1.2 This weapon's minimum
   attack delay (0.6) is reached at skill level 12.
   Dex:       It affects your dexterity (-3).
   rElec:     It insulates you from electricity.
   Fly:       It grants you flight.
   It falls into the 'Staves' category.
   It is a one-tentacled weapon.
 e - a staff of poison
   (You found it on level 5 of the Dungeon)
Jewellery
 c - a +6 ring of intelligence (on tentacle)
   (You found it on level 8 of the Dungeon)
 h - a ring of magical power (left tentacle)
   (You found it on level 1 of the Dungeon)
 s - a ring of fire (on tentacle)
   (You found it on level 4 of the Dungeon)
 x - the amulet of the Lotus Blossom (around mantle) {Faith Fragile Int+2 Dex+4}
   (You found it on level 6 of the Dungeon)

   [amulet of faith]

   It allows you to gain divine favour quickly.
   Int:       It affects your intelligence (+2).
   Dex:       It affects your dexterity (+4).
   Fragile:   It will be destroyed if unequipped.
 S - a ring of flight (on tentacle)
   (You found it on level 5 of the Dungeon)
 Y - the ring "Ytheejou" (on tentacle) {rCorr Dex+3}
   (You found it on level 1 of the Lair of Beasts)

   [ring of resist corrosion]

   Dex:       It affects your dexterity (+3).
   rCorr:     It protects you from acid and corrosion.
Wands
 A - a wand of acid (14)
   (You took it off a hobgoblin on level 4 of the Dungeon)
 I - a wand of iceblast (13)
   (You found it on level 4 of the Dungeon)
 N - a wand of mindburst (6)
   (You found it on level 8 of the Dungeon)
 O - a wand of polymorph (16)
   (You found it on level 8 of the Dungeon)
 P - a wand of paralysis (12)
   (You found it on level 8 of the Dungeon)
 V - a wand of flame (15)
Scrolls
 g - a scroll of revelation
 j - 3 scrolls of immolation
 l - 3 scrolls of fog
 n - 2 scrolls of vulnerability
 B - 5 scrolls of blinking
 C - a scroll of brand weapon
 E - 2 scrolls of fear
 T - 5 scrolls of teleportation
 U - a scroll of poison {unknown}
Potions
 d - 2 potions of lignification
 f - a potion of experience {unknown}
 i - 10 potions of heal wounds
 k - 2 potions of brilliance
 o - 6 potions of mutation {unknown}
 q - 2 potions of might {unknown}
 r - a potion of ambrosia {unknown}
 u - a potion of resistance {unknown}
 w - 2 potions of invisibility {unknown}
 G - 3 potions of attraction
 H - 4 potions of haste
 L - a potion of berserk rage {unknown}
 M - 2 potions of magic {unknown}
 Q - 9 potions of curing
 W - a potion of degeneration {unknown}
Miscellaneous
 t - a phantom mirror
   (You found it on level 10 of the Dungeon)


   Skills:
 + Level 7.5 Fighting
 - Level 3.3 Staves
 - Level 6.0 Dodging
 - Level 6.0 Stealth
 - Level 5.0 Shields
 + Level 8.4 Spellcasting
 - Level 5.0 Conjurations
 - Level 7.0 Necromancy
 + Level 9.5 Fire Magic
 + Level 11.3 Air Magic
 - Level 5.0 Evocations


You had 7 spell levels left.
You knew the following spells:

 Your Spells              Type           Power      Damage    Failure   Level
a - Necrotise             Necr           100%       1d9       1%          1
b - Arcjolt               Conj/Air       27%        1d37      1%          5
c - Plasma Beam           Fire/Air       40%        2x1d54    4%          6
d - Vampiric Draining     Necr           50%        2d9       1%          3
e - Dispel Undead         Necr           50%        3d19      3%          4
f - Static Discharge      Conj/Air       100%       2-7/arc   1%          2

Your spell library contained the following spells:

 Spells                   Type           Power      Damage    Failure   Level
 Flame Wave               Conj/Fire      68%        2d15      1%          4
 Kiss of Death            Conj/Necr      100%       2d13      1%          1
 Sandblast                Erth           22%        2d7       1%          1
 Cigotuvi's Dreadful Rot  Necr/Pois/Air  92%        N/A       1%          2
 Vhi's Electric Charge    Tloc/Air       86%        N/A       1%          3
 Airstrike                Air            33%        2d(5-21)  1%          4
 Stone Arrow              Conj/Erth      50%        3d10      2%          3
 Apportation              Tloc           22%        N/A       7%          1
 Summon Small Mammal      Summ           44%        N/A       7%          1
 Summon Lightning Spire   Summ/Air       43%        N/A       7%          4
 Passwall                 Tmut/Erth      9%         N/A       11%         2
 Agony                    Necr           50%        N/A       11%         5
 Anguish                  Hex/Necr       15%        N/A       16%         4
 Confusing Touch          Hex            11%        N/A       21%         3
 Death Channel            Necr           25%        N/A       52%         6


Dungeon Overview and Level Annotations

Branches:
Dungeon (11/15) Zot: 25292  Temple (1/1) D:7 Zot: 5952    Lair (3/5) D:11 Zot: 14472
 Shoals (0/4) Lair:2       Spider (0/4) Lair:2       Bailey (visited)
    Orc: D:9-12

Altars:
Ashenzari
Cheibriados
Dithmenos
Elyvilon
Fedhas
Gozag
Hepliaklqana
Kikubaaqudgha
Makhleb
Nemelex Xobeh
Okawaru
Qazlal
Ru
Sif Muna
Trog
Uskayaw
Vehumet
Wu Jian
Xom
Yredelemnul
Zin
The Shining One

Annotations:
D:9 3 runed translucent doors, pigah's ghost, journeyman OpAE


Innate Abilities, Weirdness & Mutations

You cannot wear most types of armour.
You are amphibious.
You can wear up to eight rings at the same time.
Your skin changes colour to match your surroundings (Stealth+).
Your rubbery body absorbs attacks. (AC +1, EV +1)
((You are camouflaged when in or above water. (Stealth+)))
You have tentacles for arms and can constrict up to eight enemies at once.


Message History

A komodo dragon comes into view.
Casting: Plasma Beam (dangerous; 4% risk of failure)
Confirm with . or Enter, or press ? or * to list all spells.
Casting: Plasma Beam (dangerous; 4% risk of failure)
Press: ? - help, Dir - look around, f - activate You feel a surge of power!
The bolt of lightning hits the fungus.
The fungus is moderately damaged.
The bolt of lightning hits the komodo dragon!!!
The komodo dragon is almost dead.
The komodo dragon hisses angrily.
The fiery plasma hits the fungus!!
The fungus is heavily damaged.
The fiery plasma hits the komodo dragon!!!
You kill the komodo dragon!
Vehumet accepts your kill.
You feel your power returning.
You hear an angry hiss.
You hear a bellow! x3
A nearby fungus withers and dies.
You now have 28/34 mp.
Magic restored.
Found a scimitar.
MP restored: 34 A water moccasin comes into view.
The water moccasin hisses angrily.
Casting: Plasma Beam (dangerous; 4% risk of failure)
Confirm with . or Enter, or press ? or * to list all spells.
Casting: Plasma Beam (dangerous; 4% risk of failure)
Press: ? - help, Dir - look around, f - activate You feel a surge of power!
The bolt of lightning hits the water moccasin!!
You kill the water moccasin!
Vehumet accepts your kill.
You feel your power returning.
You hear a bellow! x3
You now have 29/34 mp.
A basilisk comes into view.
You regained 2 mp, and now have 31/34 mp.
Casting: Plasma Beam (dangerous; 4% risk of failure)
Confirm with . or Enter, or press ? or * to list all spells.
Casting: Plasma Beam (dangerous; 4% risk of failure)
Press: ? - help, Dir - look around, f - activate You feel a surge of power!
The bolt of lightning hits the fungus.
The fungus begins to die.
The fungus is lightly damaged.
The bolt of lightning misses the basilisk.
The fiery plasma hits the fungus!!!
The fungus is lightly damaged.
The fiery plasma misses the basilisk.
You hear an angry hiss. x2; You hear a bellow!
You now have 25/34 mp.
Casting: Plasma Beam (dangerous; 4% risk of failure)
Confirm with . or Enter, or press ? or * to list all spells.
Casting: Plasma Beam (dangerous; 4% risk of failure)
Press: ? - help, Dir - look around, f - activate You feel a surge of power!
You miscast Plasma Beam.
You are very lightly contaminated with residual magic.
There is a sudden and violent explosion of flames.
You resist.
You take 3 damage, and have 83/86 hp.
You now have 19/34 mp.
Casting: Plasma Beam (dangerous; 4% risk of failure)
Confirm with . or Enter, or press ? or * to list all spells.
Casting: Plasma Beam (dangerous; 4% risk of failure)
Press: ? - help, Dir - look around, f - activate You feel a surge of power!
The bolt of lightning hits the fungus!!!
The fungus is heavily damaged.
The bolt of lightning misses the basilisk.
The fiery plasma hits the fungus.
The fungus is heavily damaged.
The fiery plasma hits the basilisk!!
The basilisk is almost dead.
You hear a bellow! x2
You now have 13/34 mp.
A nearby fungus withers and dies.
Casting: Plasma Beam (dangerous; 4% risk of failure)
Confirm with . or Enter, or press ? or * to list all spells.
Casting: Plasma Beam (dangerous; 4% risk of failure)
Press: ? - help, Dir - look around, f - activate You feel a surge of power!
The bolt of lightning hits the fungus!!!
The fungus begins to die.
The fungus is moderately damaged.
The bolt of lightning misses the basilisk.
The fiery plasma hits the fungus!!!
The fungus is heavily damaged.
The fiery plasma misses the basilisk.
You hear a bellow!
You now have 8/34 mp.
Casting: Plasma Beam (dangerous; 4% risk of failure)
Confirm with . or Enter, or press ? or * to list all spells.
Casting: Plasma Beam (dangerous; 4% risk of failure)
Press: ? - help, Dir - look around, f - activate You feel a surge of power!
The bolt of lightning hits the fungus!
The fungus is heavily damaged.
The bolt of lightning misses the basilisk.
The fiery plasma hits the fungus!!!
The fungus is severely damaged.
The fiery plasma hits the basilisk!!
You kill the basilisk!
Vehumet accepts your kill.
You feel your power returning.
You hear an angry hiss.
You hear a bellow!
A water moccasin comes into view.
You now have 3/34 mp.
A komodo dragon comes into view.
A nearby fungus withers and dies.
Health restored: 86 The water moccasin misses you.
The water moccasin misses you.
There is a stone staircase leading up here.
Casting: Plasma Beam (dangerous; 4% risk of failure)
Confirm with . or Enter, or press ? or * to list all spells.
Electricity surges outward!
The water moccasin is struck by an electric surge!!
The water moccasin is almost dead.
The komodo dragon is struck by an electric surge.
The komodo dragon closely misses you. The water moccasin bites you!
You are poisoned.
The water moccasin poisons you!
Your magical contamination has completely faded away.
You take 9 damage, and have 77/86 hp.
You now have 0/34 mp.
Casting: Arcjolt (dangerous; 1% risk of failure)
Confirm with . or Enter, or press ? or * to list all spells.
You don't have enough magic to cast this spell.
You puncture the water moccasin!
You kill the water moccasin!
Vehumet accepts your kill.
You feel your power returning.
You feel very sick. The komodo dragon bites you!!
You take 21 damage, and have 56/86 hp.
MASSIVE DAMAGE!!
You regained 2 mp, and now have 2/34 mp.
You puncture the komodo dragon!
The komodo dragon is lightly wounded.
You feel sick. The komodo dragon bites you.
You take 7 damage, and have 49/86 hp.
You barely miss the komodo dragon.
You tentacle-slap the komodo dragon, but do no damage.
You squeeze the komodo dragon.
The komodo dragon is moderately wounded.
You feel sick. The komodo dragon bites you!!
* * * LOW HITPOINT WARNING * * *
You take 30 damage, and have 19/86 hp.
MASSIVE DAMAGE!!
Aiming: Corrosive Bolt
Press: ? - help, Shift-Dir - straight line, f - komodo dragon
Aim: a komodo dragon (moderately wounded, 81% to hit)
The bolt of acid hits the komodo dragon!!
The komodo dragon is severely wounded.
You feel sick. The komodo dragon bites you!!
You die...

## ###
.####.#######.########P#
........................
................@.(.....
................l.......
........................
.........PP.............
.###P....P......##.....
......!...PP.......#....
.........#.........#....
...................# ..#
..#.................)


You could see a komodo dragon.

Vanquished Creatures
  Harold (D:11)
  4 two-headed ogres
  A centaur warrior (D:11)
  2 death yaks (Lair:1)
  2 boulder beetles
  Urug (D:11)
  A deep elf pyromancer (D:11)
  A manticore (D:11)
  A cyclops (D:8)
  Maurice (D:11)
  An elephant (D:11)
  A torpor snail (Lair:1)
  2 merfolk sirens (Lair:2)
  6 cane toads
  2 black mambas (Lair:2)
  A komodo dragon (Lair:3)
  Maggie (D:7)
  A kobold demonologist (D:10)
  An efreet (D:8)
  A rime drake (Lair:2)
  2 trolls
  7 blink frogs
  4 vampires
  A jumping spider (Lair:2)
  A shadow (D:10)
  31 yaks
  Eustachio (D:5)
  A wyvern (D:11)
  4 basilisks
  A redback (Lair:2)
  3 vampire mosquitoes
  A steam dragon (D:8)
  Menkaure (D:5)
  2 acid dragons
  Duvessa (D:6)
  4 water moccasins
  10 orc warriors
  An ogre (D:6)
  A sky beast (D:6)
  4 black bears
  18 wolves
  The ghost of knightboat the Slasher, an amateur BaWr of Cheibriados (D:4)
  2 phantoms (D:5)
  4 centaurs
  6 kobold brigands
  13 bullfrogs
  4 scorpions
  4 wights (D:10)
  Dowan (D:6)
  13 killer bees
  6 howler monkeys
  9 hounds
  3 jellies
  9 orc priests
  2 iguanas (D:6)
  3 sleepcaps
  A gnoll bouda (D:5)
  7 hell rats (Lair:1)
  Ijyb (D:5)
  8 orc wizards
  A scorpion simulacrum (D:4)
  7 adders
  17 gnolls
  A shadow imp (D:8)
  2 white imps
  A howler monkey simulacrum (D:4)
  2 ufetubi
  A worm (D:2)
  3 dart slugs
  2 adder simulacra (D:4)
  55 orcs
  6 endoplasms
  3 giant cockroaches (D:4)
  14 goblins
  9 hobgoblins
  21 kobolds
  4 quokkas
  6 ball pythons
  2 bats
  2 frilled lizards
  A jackal simulacrum (D:4)
  6 rats
394 creatures vanquished.

Vanquished Creatures (collateral kills)
  A black bear (D:8)
  An adder (D:4)
  A dart slug (D:1)
  2 orcs
  2 goblins
7 creatures vanquished.

Grand Total: 401 creatures vanquished

Notes
Turn   | Place    | Note
-------+----------+-------------------------------------------
     0 | D:1      | mdonais the Octopode Wanderer began the quest for the Orb.
     0 | D:1      | mdonais set off with the following items: a +0 dagger, a
                  | scroll of fog, a wand of flame (3); and the following
                  | spells available to memorise: Necrotise, Kiss of Death,
                  | Cigotuvi's Dreadful Rot, Static Discharge, Anguish.
     0 | D:1      | Reached XP level 1. HP: 11/11 MP: 3/3
     2 | D:1      | Learned a level 1 spell: Necrotise
     4 | D:1      | Learned a level 1 spell: Kiss of Death
    31 | D:1      | Reached skill level 1 in Stealth
    86 | D:1      | Reached skill level 1 in Fighting
    86 | D:1      | Reached XP level 2. HP: 18/18 MP: 1/5
   648 | D:1      | Reached XP level 3. HP: 23/23 MP: 6/6
   844 | D:2      | Learned a level 2 spell: Static Discharge
  1098 | D:2      | Reached XP level 4. HP: 18/28 MP: 7/7
  1504 | D:3      | Reached skill level 1 in Conjurations
  1988 | D:2      | Reached XP level 5. HP: 19/31 MP: 8/8
  2151 | D:3      | Found a bloodstained altar of Trog.
  2714 | D:4      | Found a runed translucent gate.
  2714 | D:4      | Found a runed translucent gate.
  2714 | D:4      | Found a runed translucent gate.
  2754 | D:4      | Learned a level 3 spell: Vampiric Draining
  2803 | D:4      | Reached XP level 6. HP: 38/38 MP: 10/10
  2827 | D:4      | Identified the +2 ring mail of the Fisher {*Slow rElec
                  | rC+++ Stlth+}
  3044 | D:4      | Noticed a black bear
  3066 | D:4      | Reached skill level 5 in Necromancy
  3545 | D:4      | Noticed knightboat's ghost (amateur BaWr)
  3849 | D:4      | Killed a black bear
  3850 | D:4      | Reached XP level 7. HP: 17/43 MP: 10/11
  4348 | D:5      | Entered Level 5 of the Dungeon
  4401 | D:5      | Reached skill level 1 in Dodging
  4543 | D:5      | Learned a level 4 spell: Dispel Undead
  4787 | D:5      | Noticed Ijyb
  4802 | D:5      | Killed Ijyb
  4959 | D:5      | Reached XP level 8. HP: 50/50 MP: 13/13
  5091 | D:5      | Noticed Eustachio
  5119 | D:5      | Killed Eustachio
  5303 | D:5      | Noticed Menkaure
  5306 | D:5      | Killed Menkaure
  6497 | D:4      | Killed knightboat's ghost
  6816 | D:6      | Noticed Duvessa
  6816 | D:6      | Noticed Dowan
  6822 | D:6      | Killed Duvessa
  6829 | D:6      | Killed Dowan
  6927 | D:6      | Reached skill level 5 in Fighting
  7078 | D:6      | Reached XP level 9. HP: 48/61 MP: 15/15
  7161 | D:6      | Reached skill level 5 in Spellcasting
  7407 | D:6      | Found a large runed translucent door.
  7408 | D:6      | Found a large runed translucent door.
  7438 | D:6      | Reached skill level 4 in Air Magic
  7593 | D:6      | Found a large runed translucent door.
  7593 | D:6      | Found a large runed translucent door.
  7599 | D:6      | Reached skill level 5 in Air Magic
  7695 | D:5      | Reached skill level 6 in Air Magic
  8012 | D:6      | Identified the amulet of the Lotus Blossom {Faith Fragile
                  | Int+2 Dex+4}
  8290 | D:7      | HP: 1/61 [orc/+0 mace (6)]
  8908 | D:7      | Reached skill level 5 in Stealth
  9056 | D:7      | Found the +0 mask of the Dragon {Will+ Slay+3 SInv}
  9155 | D:7      | Reached skill level 7 in Air Magic
  9639 | D:7      | Found a staircase to the Ecumenical Temple.
  9648 | Temple   | Entered the Ecumenical Temple
  9648 | Temple   | Found a transporter.
  9648 | Temple   | Found a transporter.
  9650 | Temple   | Found a transporter.
  9650 | Temple   | Found a transporter.
  9672 | Temple   | Became a worshipper of Vehumet
  9707 | D:7      | Reached XP level 10. HP: 58/66 MP: 19/19
  9857 | D:7      | Noticed Maggie
  9865 | D:7      | Killed Maggie
  9866 | D:7      | Reached skill level 8 in Air Magic
 10632 | D:8      | Learned a level 5 spell: Arcjolt
 11225 | D:8      | Noticed a cyclops
 11738 | D:8      | Killed a cyclops
 11739 | D:8      | Reached skill level 5 in Conjurations
 12005 | D:9      | Reached * piety under Vehumet
 12005 | D:9      | Offered knowledge of Shock by Vehumet.
 12006 | D:9      | Reached skill level 9 in Air Magic
 12054 | D:9      | Found a runed translucent gate.
 12055 | D:9      | Found a runed translucent gate.
 12057 | D:9      | Found a runed translucent gate.
 12057 | D:9      | Found an opulent altar of Gozag.
 12058 | D:9      | Noticed pigah's ghost (journeyman OpAE)
 12059 | D:9      | Noticed a boulder beetle
 12062 | D:9      | Noticed a two-headed ogre
 12086 | D:9      | Found a flagged portal.
 12105 | Bailey   | Entered a bailey
 12996 | D:9      | Reached ** piety under Vehumet
 13011 | D:9      | Offered knowledge of Searing Ray by Vehumet.
 13052 | D:9      | Reached XP level 11. HP: 52/72 MP: 18/21
 13833 | D:10     | Entered Level 10 of the Dungeon
 14048 | D:10     | Offered knowledge of Mephitic Cloud by Vehumet.
 14140 | D:10     | Reached skill level 5 in Dodging
 14164 | D:10     | Reached skill level 10 in Air Magic
 14171 | D:10     | Learned a level 6 spell: Plasma Beam
 14354 | D:10     | Found a basalt altar of Yredelemnul.
 14393 | D:10     | Reached skill level 1 in Fire Magic
 14401 | D:10     | Reached *** piety under Vehumet
 14573 | D:10     | Reached skill level 1 in Shields
 14663 | D:10     | Noticed a two-headed ogre
 14673 | D:10     | Killed a two-headed ogre
 14874 | D:10     | Noticed a two-headed ogre
 14887 | D:10     | Killed a two-headed ogre
 14892 | D:10     | Offered knowledge of Dazzling Flash by Vehumet.
 15211 | D:10     | Found a blossoming altar of Fedhas.
 15214 | D:10     | Found a shimmering blue altar of Sif Muna.
 15217 | D:10     | Found a shimmering altar of Xom.
 15509 | D:10     | Noticed a boulder beetle
 15524 | D:10     | Killed a boulder beetle
 15525 | D:10     | Reached skill level 5 in Shields
 15929 | D:10     | Acquired the staff of Ascent {Fly rElec Dex-3 Conj}
 15982 | D:11     | Found a staircase to the Lair.
 16041 | D:11     | Reached skill level 5 in Fire Magic
 16210 | D:11     | Noticed a deep elf pyromancer
 16315 | D:11     | Killed a deep elf pyromancer
 16316 | D:11     | Reached XP level 12. HP: 64/79 MP: 17/22
 16331 | D:11     | Noticed a two-headed ogre
 16333 | D:11     | Killed a two-headed ogre
 16462 | D:11     | Noticed Urug
 16466 | D:11     | Killed Urug
 16468 | D:11     | Noticed a two-headed ogre
 16470 | D:11     | Killed a two-headed ogre
 16470 | D:11     | Reached **** piety under Vehumet
 16545 | D:11     | Noticed Maurice
 16547 | D:11     | Killed Maurice
 16645 | D:11     | Offered knowledge of Fireball by Vehumet.
 16859 | D:11     | Noticed a centaur warrior
 16872 | D:11     | Killed a centaur warrior
 17316 | D:11     | Noticed Harold
 17319 | D:11     | Killed Harold
 17320 | D:11     | Reached skill level 1 in Staves
 17434 | Lair:1   | Entered Level 1 of the Lair of Beasts
 17450 | Lair:1   | Noticed a death yak
 17456 | Lair:1   | Killed a death yak
 17466 | Lair:1   | Noticed a death yak
 17599 | Lair:1   | Killed a death yak
 17625 | Lair:1   | Reached ***** piety under Vehumet
 17775 | Lair:1   | Offered knowledge of Flame Wave by Vehumet.
 18057 | Lair:1   | Reached skill level 5 in Evocations
 18301 | Lair:1   | Noticed a boulder beetle
 18303 | Lair:1   | Killed a boulder beetle
 18386 | Lair:1   | Reached skill level 11 in Air Magic
 18524 | Lair:1   | Reached XP level 13. HP: 83/83 MP: 24/25
 18749 | Lair:1   | Found the +10 morningstar "Eos" {elec, Halo rElec}
 19046 | Lair:1   | Identified the ring "Ytheejou" {rCorr Dex+3}
 19837 | Lair:2   | Found a hole to the Spider Nest.
 20746 | Lair:2   | Found a staircase to the Shoals.
 21204 | Lair:3   | Mangled by a komodo dragon

Illustrated notes

Levels and vault maps discovered:
D:1:      dpeg_arrival_rooms_b, layout_rooms
D:2:      layout_rooms, amethyst_killhole, minmay_unequal
D:3:      layout_loops_ring, trog_hazing_becter
D:4:      layout_basic, gammafunk_ghost_icy, roderic_roman_lattice
D:5:      layout_layer_cave, uniq_ijyb, uniq_eustachio, uniq_menkaure
D:6:      layout_gridville, minmay_hollow_rounded_squares, uniq_duvessa
D:7:      layout_basic, minmay_temple_entry_grid, nicolae_the_louvre,
          uniq_maggie
D:8:      minmay_chambers_of_sixes, layout_basic
D:9:      layout_long_grid, ebering_ghost_gozag, enter_bailey_3,
          kennysheep_doodads
D:10:     minmay_skewed_foursquare, layout_long_grid,
          grunt_temple_overflow_diamond, lemuel_tele_altar
D:11:     layout_rooms, david_lair_generic, uniq_maurice, uniq_urug, uniq_harold
Temple:   hellmonk_temple_divided_pantheon
Lair:1:   layout_loops_ring, nzn_sisyphean_effort, grunt_megastairs_3
Lair:2:   layout_hall_layers, elwin_shoals_entry_rooms, spider_nest_entry_a
Lair:3:   layout_chaotic_city

Skill      XL: |  1  2  3  4  5  6  7  8  9 10 11 12 13 |
---------------+----------------------------------------+-----
Stealth        | 1 3 4 5 6 |  6.0
Fighting       | 1 2 5 6 7 |  7.5
Conjurations   | 1 2 5 |  5.0
Necromancy     | 4 6 7 |  7.0
Spellcasting   | 3 4 6 7 8 |  8.4
Dodging        | 1 4 5 6 |  6.0
Evocations     | 3 5 |  5.0
Air Magic      | 7 9 10 11 | 11.3
Fire Magic     | 6 9 |  9.5
Shields        | 5 |  5.0
Staves         | 2 3 |  3.3

Action                     |  1- 3 |  4- 6 |  7- 9 | 10-12 | 13-15 || total
---------------------------+-------+-------+-------+-------+-------++-------
  Melee: Dagger            |    21 |    44 |    92 |   119 |     9 ||   285
         Constrict         |     4 |    11 |    27 |    31 |     2 ||    75
         Tentacles         |     2 |     9 |    26 |    28 |     3 ||    68
         Punch             |       |     2 |     5 |     2 |     1 ||    10
         Staff             |       |       |       |    18 |       ||    18
  Throw: Dart              |       |     1 |     2 |    15 |       ||    18
   Cast: Necrotise         |    53 |   116 |    95 |   100 |       ||   364
         Kiss of Death     |       |     1 |       |       |       ||     1
         Static Discharge  |       |     5 |     8 |       |       ||    13
         Vampiric Draining |       |     4 |    38 |    61 |       ||   103
         Dispel Undead     |       |       |     5 |    14 |       ||    19
         Arcjolt           |       |       |       |    40 |     6 ||    46
         Plasma Beam       |       |       |       |    49 |    61 ||   110
  Evoke: Wand              |       |     1 |     5 |     1 |     1 ||     8
    Use: Scroll            |       |     2 |    12 |     7 |     1 ||    22
         Potion            |       |     1 |     1 |       |       ||     2
   Stab: Sleeping          |     2 |     7 |    12 |    19 |       ||    40
         Distracted        |       |     1 |       |       |       ||     1
 Armour: Skin              |     6 |     7 |     3 |     8 |     1 ||    25
  Dodge: Dodged            |    16 |    46 |    95 |   169 |     9 ||   335
  Block: Buckler           |       |       |       |       |     2 ||     2

Table legend: (Time is in decaauts)
 A = Elapsed time spent in this place.
 B = Non-inter-level travel time spent in this place.
 C = Inter-level travel time spent in this place.
 D = Time resting spent in this place.
 E = Time spent auto-exploring this place.
 F = Levels seen in this place.
 G = Mean time per level.
                   A        B        C        D        E       F      G
               +--------+--------+--------+--------+--------+-----+--------+
         Total |  21233 |  20737 |    496 |   4656 |  11991 |  16 | 1327.1 |
       Dungeon |  16780 |  16312 |    468 |   3707 |   9314 |  11 | 1525.5 |
        Temple |     47 |     43 |      4 |      0 |      6 |   1 |   47.0 |
          Lair |   3526 |   3503 |     23 |    664 |   2452 |   3 | 1175.3 |
        Bailey |    878 |    878 |      0 |    285 |    219 |   1 |  878.0 |
               +--------+--------+--------+--------+--------+-----+--------+

Top non-repeatable levels by time:
    D:10: 2590 daAuts
     D:4: 2367 daAuts
     D:6: 2038 daAuts
  Lair:2: 1775 daAuts
     D:5: 1753 daAuts
  Lair:1: 1679 daAuts
     D:8: 1589 daAuts
     D:7: 1461 daAuts
    D:11: 1264 daAuts
     D:3: 1179 daAuts
     D:9: 956 daAuts
  Bailey: 878 daAuts
     D:2: 830 daAuts
     D:1: 748 daAuts
  Lair:3: 72 daAuts
